 Dungeon Crawl Stone Soup version 0.31-a0-844-gdc52ec4e09 (webtiles) character file.

Game seed: 5193868694389535180

2638 avis the Nimble (level 9, -4/40 HPs)
             Began as a Felid Shapeshifter on Sept 30, 2023.
             Was an Initiate of Gozag.
             Collided with a rock wall (15 damage)
             ... caused by Erica
             ... on level 8 of the Dungeon.
             The game lasted 00:47:52 (8478 turns).

avis the Nimble (Felid Shapeshifter)                Turns: 8478, Time: 00:47:53

Health: -4/40      AC:  2    Str: 18    XL:     9   Next: 35%
Magic:  10/10      EV: 30    Int: 12    God:    Gozag
Gold:   304        SH:  0    Dex: 17    Spells: 8/8 levels left
                                        Lives:  0   Deaths: 3

rFire   . .          .
                       - Unarmed
rCold   . . .        (shield unavailable)
rNeg    . . .        (body armour unavailable)
rPois   .            (helmet unavailable)
rElec   .            (cloak unavailable)
rCorr   .            (gloves unavailable)
SInv    +            (boots unavailable)
Will    +....        (no amulet)
Stlth   +            j - +5 ring of evasion
HPRegen 0.26/turn    q - +6 ring of strength
MPRegen 0.12/turn

%: no passive effects
@: flux-form, gold aura, glowing, quick
A: glow, contaminating, very small, claws 1, fangs 3, see invisible, speed 1,
shaggy fur 2, stealthy paws, no weapons or thrown items, no armour, multi-lived
a: Begin Untransformation, Renounce Religion, Potion Petition, Call Merchant,
Bribe Branch


You were on level 8 of the Dungeon.
You worshipped Gozag.
Gozag was aware of your devotion.
You were something dangerously unstable.
You visited 2 branches of the dungeon, and saw 9 of its levels.

You collected 581 gold pieces.
You spent 198 gold pieces at shops.
You paid 79 gold pieces to Gozag.

Inventory:

Jewellery
 j - a +5 ring of evasion (left paw)
 q - a +6 ring of strength (right paw)
 t - a ring of poison resistance
 v - a ring of wizardry
 y - the ring "Najiep" {rElec rF+ Int+6 Stlth+}
   (You found it on level 7 of the Dungeon)

   [ring of intelligence]

   Int+6:     It affects your intelligence (+6).
   rF+:       It protects you from fire.
   rElec:     It insulates you from electricity.
   Stlth+:    It makes you more stealthy.
Talismans
 b - a beast talisman
 c - a flux talisman (active)
 D - a dragon-blood talisman
Wands
 i - a wand of light (7)
 B - a wand of digging (6)
 C - a wand of charming (9)
Scrolls
 e - a scroll of blinking {unknown}
 g - 2 scrolls of vulnerability
 h - a scroll of revelation {unknown}
 m - a scroll of acquirement {unknown}
 o - a scroll of fog {unknown}
 p - a scroll of enchant armour {unknown}
 s - 3 scrolls of amnesia
 u - 2 scrolls of fear
 w - a scroll of immolation
Potions
 a - a potion of lignification
 d - 2 potions of enlightenment
 f - 3 potions of brilliance
 k - a potion of experience {unknown}
 l - a potion of curing {unknown}
 n - a potion of haste {unknown}
 r - 4 potions of heal wounds
 x - 2 potions of mutation
 z - 2 potions of ambrosia
 A - a potion of attraction {unknown}


   Skills:
 * Level 5.6 Fighting
 - Level 12.0 Dodging
 + Level 5.0 Stealth
 - Level 3.0 Unarmed Combat
 - Level 7.0 Shapeshifting


You had 8 spell levels left.
You didn't know any spells.
Your spell library contained the following spells:

 Spells                   Type           Power      Damage    Failure   Level
 Apportation              Tloc           0%         N/A       32%         1
 Sandblast                Erth           0%         2d4       32%         1
 Slow                     Hex            0%         N/A       32%         1
 Jinxbite                 Hex            0%         N/A       45%         2
 Passwall                 Tmut/Erth      0%         N/A       45%         2
 Confusing Touch          Hex            0%         N/A       69%         3
 Ozocubu's Armour         Ice            0%         N/A       69%         3
 Sigil of Binding         Hex            0%         N/A       69%         3
 Stone Arrow              Conj/Erth      0%         3d7       69%         3
 Tukima's Dance           Hex            0%         N/A       69%         3
 Vampiric Draining        Necr           0%         2d6       69%         3
 Brom's Barrelling Bould  Conj/Erth      0%         2d3       97%         4
 Iskenderun's Mystic Bla  Conj/Tloc      0%         2d3       97%         4
 Manifold Assault         Tloc           0%         N/A       97%         4
 Alistair's Intoxication  Tmut/Pois      0%         N/A       100%        5
 Dispersal                Tloc           0%         N/A       100%        6
 Ozocubu's Refrigeration  Ice            0%         4d7       100%        7
 Disjunction              Tloc           0%         N/A       100%        8
 Dimensional Bullseye     Hex/Tloc       Unusable   N/A       N/A         4

Dungeon Overview and Level Annotations

Branches:
Dungeon (8/15)             Temple (1/1) D:6
   Lair: D:8-11

Altars:
Ashenzari
Cheibriados
Dithmenos
Elyvilon
Fedhas
Gozag
Kikubaaqudgha
Makhleb
Nemelex Xobeh
Okawaru
Qazlal
Ru
Sif Muna
Uskayaw
Vehumet
Wu Jian
Yredelemnul
Zin
The Shining One

Shops:
D:6 ?

Annotations:
D:8 Erica


Innate Abilities, Weirdness & Mutations

You are something dangerously unstable.
You glow with magical radiation, making you easy to see and hit.
Foes you strike become dangerously contaminated with magical radiation.
You have sharp claws.
You have razor-sharp teeth.
You have supernaturally acute eyesight. (SInv)
You cover ground quickly. (Speed+)
You are covered in thick fur. (AC +2)
Your paws help you pounce on unaware monsters.
You are incapable of wielding weapons or throwing items.
You cannot wear armour.
You gain extra lives every three experience levels.


Message History

The orc is distracted by your dazzling golden aura.
You catch the helpless orc completely off-guard!
You scratch the orc.
You kill the orc!
You barely miss the orc. You barely miss the orc.
The orc completely misses you.
You barely miss the orc. You bite the orc.
The orc is moderately wounded.
The orc completely misses you.
You barely miss the orc. Your bite misses the orc.
The orc is moderately wounded.
The orc completely misses you.
You scratch the orc but do no damage.
The orc begins to glow.
You bite the orc.
The orc is severely wounded.
The orc closely misses you.
You completely miss the orc.
The orc is severely wounded.
The orc misses you.
You completely miss the orc.
The orc is severely wounded.
The orc closely misses you.
You scratch the orc.
You kill the orc!
You now have 304 gold pieces (gained 31).
Items here: ))))) [[.
Erica the Fiery-Tempered comes into view.
She is wielding a +0 scimitar of flaming, wearing a +1 robe of willpower and carrying a wand of polymorph.
You closely miss Erica.
Erica shouts!
Erica misses you.
You scratch Erica.
Erica begins to glow.
Erica is lightly wounded.
Erica casts a spell at you. The lance of force hits you!!
Ouch! That really hurt!
* * * LOW HITPOINT WARNING * * *
You are knocked back by the lance of force.
You slam into the rock wall!
You die...
Erica begins laughing uncontrollably.
Your body crumbles into a pile of gold.

............#######
...................
###########.################
.......................#
########.#####.........#
...........##......<..#
.##...#.##............#
#.##...#..####.........#
#...........p..........#
#############@##########
...o............
...oo....####### ....o....#
..o......# ########.. ##..
##


You could see Erica (contam).

Vanquished Creatures
  Pikel (D:3)
  An oklob plant (D:6)
  Maggie (D:7)
  Menkaure (D:5)
  2 orc warriors
  A black bear (D:5)
  An ogre (D:5)
  A lemure (D:3)
  A phantom (D:6)
  2 bullfrogs
  A scorpion (D:5)
  A howler monkey (D:5)
  A quasit (D:6)
  3 jellies
  An orc priest (D:3)
  A gnoll bouda (D:5)
  2 hounds
  Terence (D:1)
  3 iguanas
  An orc wizard (D:5)
  Robin (D:2)
  3 adders
  10 gnolls
  5 shadow imps
  2 white imps
  4 ufetubi
  A worm (D:4)
  3 dart slugs
  18 orcs
  9 endoplasms
  3 giant cockroaches (D:2)
  18 goblins
  14 hobgoblins
  4 jackals (D:3)
  6 kobolds
  2 quokkas
  3 ball pythons
  2 bats
  2 frilled lizards
  4 goblin skeletons (D:7)
  2 hobgoblin zombies (D:7)
  2 orc skeletons (D:7)
  3 orc zombies (D:7)
  6 rats
154 creatures vanquished.

Notes
Turn   | Place    | Note
-------+----------+-------------------------------------------
     0 | D:1      | avis the Felid Shapeshifter began the quest for the Orb.
     0 | D:1      | Reached XP level 1. HP: 9/9 MP: 2/2
   131 | D:1      | Reached XP level 2. HP: 10/13 MP: 3/3
   197 | D:1      | Reached skill level 3 in Dodging
   456 | D:1      | Reached skill level 1 in Stealth
   749 | D:2      | Noticed Terence
   853 | D:2      | Found a radiant altar of Vehumet.
   856 | D:2      | Reached XP level 3. HP: 16/16 MP: 4/4
  1414 | D:3      | Noticed Robin
  1421 | D:2      | Reached XP level 4. HP: 21/21 MP: 5/5
  1727 | D:2      | Killed Robin
  1728 | D:2      | Reached skill level 4 in Dodging
  2160 | D:3      | Reached XP level 5. HP: 24/24 MP: 6/6
  2378 | D:3      | HP: 1/24 [orc/+0 dagger (5)]
  2542 | D:3      | Reached skill level 5 in Dodging
  2706 | D:4      | Noticed Pikel
  2706 | D:4      | Noticed a lemure
  2706 | D:4      | Noticed a lemure
  2706 | D:4      | Noticed a lemure
  2708 | D:4      | Noticed a lemure
  2726 | D:3      | Killed a lemure
  2934 | D:3      | HP: 1/24 [Pikel/+1 whip of freezing (12)]
  2934 | D:3      | Slain by Pikel
  2952 | D:3      | Killed Pikel
  2953 | D:3      | Reached skill level 6 in Dodging
  2953 | D:3      | Gained mutation: You are covered in thick fur. (AC +2)
                  | [Felid growth]
  2953 | D:3      | Reached XP level 6. HP: 28/28 MP: 7/7
  2953 | D:3      | Reached XP level 7. HP: 31/31 MP: 8/8
  3547 | D:5      | Entered Level 5 of the Dungeon
  3748 | D:5      | Found a broken altar of Ashenzari.
  3888 | D:5      | Slain by an ogre
  4001 | D:5      | Reached skill level 7 in Dodging
  4061 | D:5      | Found a burning altar of Makhleb.
  4393 | D:5      | Reached skill level 8 in Dodging
  4393 | D:5      | Reached XP level 8. HP: 34/36 MP: 9/9
  4467 | D:5      | Noticed Menkaure
  4480 | D:5      | Killed Menkaure
  4481 | D:5      | Reached skill level 9 in Dodging
  5063 | D:1      | Killed Terence
  6288 | D:6      | Found a staircase to the Ecumenical Temple.
  6303 | Temple   | Entered the Ecumenical Temple
  6311 | Temple   | Became a worshipper of Gozag Ym Sagoz the Greedy
  6367 | D:5      | Slain by an orc warrior
  6503 | D:6      | Reached skill level 5 in Fighting
  6744 | D:6      | Found Meet Pie's Magic Scroll Shoppe.
  6750 | D:6      | Bought a scroll of identify for 22 gold pieces
  6750 | D:6      | Bought a scroll of fear for 44 gold pieces
  6750 | D:6      | Bought a scroll of amnesia for 44 gold pieces
  6750 | D:6      | Bought a scroll of vulnerability for 44 gold pieces
  6750 | D:6      | Bought a scroll of immolation for 44 gold pieces
  7151 | D:6      | Found a blossoming altar of Fedhas.
  7167 | D:6      | Noticed an oklob plant
  7394 | D:6      | Killed an oklob plant
  7395 | D:6      | Reached skill level 10 in Dodging
  7395 | D:6      | Reached skill level 5 in Stealth
  7395 | D:6      | Reached XP level 9. HP: 11/40 MP: 10/10
  7695 | D:7      | Reached skill level 11 in Dodging
  7779 | D:7      | Found a hide-covered altar of Uskayaw.
  7784 | D:7      | Identified the ring "Najiep" {rElec rF+ Int+6 Stlth+}
  7994 | D:7      | Found a glowing golden altar of the Shining One.
  8074 | D:7      | Noticed Maggie
  8084 | D:7      | Killed Maggie
  8085 | D:7      | Reached skill level 12 in Dodging
  8476 | D:8      | Noticed Erica
  8478 | D:8      | Collided with a rock wall

Illustrated notes

Levels and vault maps discovered:
D:1:      scummos_arrival_star, layout_basic, minmay_domino_4
D:2:      layout_rooms, basic_altar, chequers_mini_garden, uniq_terence
D:3:      layout_rooms, amethyst_killhole, uniq_robin
D:4:      layout_rooms, uniq_pikel
D:5:      layout_gridville, ashenzari_altar_1, marbit_many_paths,
          hangedman_decor_riveting, minivault_14, uniq_menkaure
D:6:      layout_loops_ring, tgw_fedhas, minmay_temple_entry_statues,
          serial_shops, shop, serial_demonic, serial_demonic_g,
          serial_demonic_b, serial_demonic_b, serial_demonic_d,
          serial_demonic_c, serial_demonic_e
D:7:      layout_rooms, nicolae_tso_besieged_by_evil, old_standard_altar,
          serial_curves, eino_curves_03, eino_curves_01, uniq_maggie
D:8:      layout_basic, kennysheep_little_box, uniq_maurice, uniq_erica
Temple:   eino_narrow_crystal_temple

Skill      XL: |  1  2  3  4  5  6  7  8  9 |
---------------+----------------------------+-----
Fighting       | 2 3 4 5 |  5.6
Dodging        | 3 4 6 8 10 12 | 12.0
Stealth        | 2 3 5 |  5.0
Shapeshifting  | 6 7 |  7.0
Unarmed Combat | |  3.0

Action                     |  1- 3 |  4- 6 |  7- 9 || total
---------------------------+-------+-------+-------++-------
  Melee: Unarmed           |    88 |   128 |   366 ||   582
         Bite              |    13 |    11 |    55 ||    79
         Punch             |     1 |     4 |     6 ||    11
    Use: Scroll            |       |       |     8 ||     8
         Potion            |       |       |     2 ||     2
   Stab: Sleeping          |     3 |     1 |       ||     4
         Distracted        |       |       |     3 ||     3
 Armour: Skin              |    16 |    35 |    57 ||   108
  Dodge: Dodged            |    42 |   134 |   258 ||   434
   Form: Flux              |       |       |     1 ||     1

Table legend: (Time is in decaauts)
 A = Elapsed time spent in this place.
 B = Non-inter-level travel time spent in this place.
 C = Inter-level travel time spent in this place.
 D = Time resting spent in this place.
 E = Time spent auto-exploring this place.
 F = Levels seen in this place.
 G = Mean time per level.
                   A        B        C        D        E       F      G
               +--------+--------+--------+--------+--------+-----+--------+
         Total |   7360 |   5933 |   1427 |   1679 |   2263 |   9 |  817.8 |
       Dungeon |   7345 |   5929 |   1416 |   1679 |   2263 |   8 |  918.1 |
        Temple |     14 |      3 |     11 |      0 |      0 |   1 |   14.0 |
               +--------+--------+--------+--------+--------+-----+--------+

Top non-repeatable levels by time:
     D:5: 1386 daAuts
     D:4: 1210 daAuts
     D:2: 1158 daAuts
     D:6: 1095 daAuts
     D:3: 1003 daAuts
     D:1: 777 daAuts
     D:7: 645 daAuts
     D:8: 68 daAuts
  Temple: 14 daAuts
